TOP OF THE 1ST |
Summit Red Dragons batting - Pitching for Geneva Red Legs : RHP Dave Stieb
|
Pitching: RHP Dave Stieb
|
|
Batting: RHB Jack Ramirez
|
0-0: Foul Ball, location: 2F 0-1: Ball 1-1: SINGLE (Groundball, 34D)
|
Batting: RHB Erwin Bryant
|
0-0: Ball 1-0: SINGLE (Flyball, 7S) Jack Ramirez to second
|
Batting: LHB David Bertulli
|
0-0: Fly out, F1 (Line Drive, P)
|
Batting: RHB Pat Rooney
|
0-0: Ball 1-0: Fielders Choice at 2nd, 5-4 (Groundball, 56) Jack Ramirez to third
|
Batting: RHB John Malkin
|
0-0: Called Strike 0-1: Ball 1-1: Swinging Strike 1-2: Strikes out swinging
|
Top of the 1st over - 0 runs, 2 hits, 0 errors, 2 left on base; Summit 0 - Geneva 0 |
BOTTOM OF THE 1ST |
Geneva Red Legs batting - Pitching for Summit Red Dragons : RHP Alfredo Martinez
|
Pitching: RHP Alfredo Martinez
|
|
Batting: RHB Raymond Bresnahan
|
0-0: SINGLE (Groundball, 6MD)
|
Batting: RHB Jose Bernhardt
|
0-0: Foul Ball, location: 2F 0-1: Ball 1-1: Ball 2-1: Swinging Strike 2-2: Strikes out swinging
|
Batting: RHB Adolfo Feliz
|
0-0: SINGLE (Groundball, 34D) Raymond Bresnahan to second Runner from 2nd tries for 3rd, SAFE, no throw by RF
|
Batting: RHB Steve Balboni
|
0-0: Ball 1-0: Called Strike 1-1: Grounds into double play, 5-4-3 (Groundball, 5S)
|
Bottom of the 1st over - 0 runs, 2 hits, 0 errors, 1 left on base; Summit 0 - Geneva 0 |
TOP OF THE 2ND |
Summit Red Dragons batting - Pitching for Geneva Red Legs : RHP Dave Stieb
|
Batting: RHB Edward Petryschuk
|
0-0: Called Strike 0-1: Swinging Strike 0-2: Ball 1-2: Foul Ball, location: 2F 1-2: Ball 2-2: Strikes out swinging
|
Batting: LHB Delbert Curtis
|
0-0: Called Strike 0-1: Swinging Strike 0-2: Ball 1-2: Strikes out swinging
|
Batting: RHB James Padula
|
0-0: Swinging Strike 0-1: Swinging Strike 0-2: Ball 1-2: SINGLE (Groundball, 6D)
|
Batting: RHB Danny Liggins
|
0-0: Called Strike 0-1: Swinging Strike 0-2: DOUBLE (Line Drive, 78D) James Padula to third Runner from 3rd tries for Home, SAFE, throw by LF to home
|
Batting: RHB Jack Ramirez
|
0-0: Swinging Strike 0-1: Foul Ball, location: 2F 0-2: Ball Wild Pitch! Danny Liggins to third 1-2: Fly out, F8 (Flyball, 8RD)
|
Top of the 2nd over - 1 run, 2 hits, 0 errors, 1 left on base; Summit 1 - Geneva 0 |
BOTTOM OF THE 2ND |
Geneva Red Legs batting - Pitching for Summit Red Dragons : RHP Alfredo Martinez
|
Batting: SHB Kevin Jensen
|
0-0: Ball 1-0: Called Strike 1-1: Called Strike 1-2: Strikes out swinging
|
Batting: RHB Sean O'Leary
|
0-0: Swinging Strike 0-1: Swinging Strike 0-2: Ball 1-2: Ball 2-2: Foul Ball, location: 2F 2-2: Foul Ball, location: 2F 2-2: Ground out 1-3 (Groundball, P)
|
Batting: SHB Richard Reichle
|
0-0: Ball 1-0: Called Strike 1-1: Foul Ball, location: 2F 1-2: Ball 2-2: Ball 3-2: SINGLE (Line Drive, 7S)
|
Batting: RHB Allen Leech
|
0-0: Ball Richard Reichle steals 2nd base 1-0: Called Strike 1-1: Called Strike 1-2: Ball 2-2: Foul Ball, location: 2F 2-2: Foul Ball, location: 2F 2-2: Foul Ball, location: 2F 2-2: Ball 3-2: Base on Balls
|
Batting: RHB Richard Meltz
|
0-0: Swinging Strike 0-1: Called Strike 0-2: Ball 1-2: Foul Ball, location: 2F 1-2: Ball 2-2: Strikes out swinging
|
Bottom of the 2nd over - 0 runs, 1 hit, 0 errors, 2 left on base; Summit 1 - Geneva 0 |
TOP OF THE 3RD |
Summit Red Dragons batting - Pitching for Geneva Red Legs : RHP Dave Stieb
|
Batting: RHB Erwin Bryant
|
0-0: Ball 1-0: Ball 2-0: Ground out 6-3 (Groundball, 6)
|
Batting: LHB David Bertulli
|
0-0: Ball 1-0: Ball 2-0: Ground out 4-3 (Groundball, 4)
|
Batting: RHB Pat Rooney
|
0-0: Swinging Strike 0-1: Ball 1-1: Ball 2-1: Ball 3-1: Fly out, F8 (Flyball, 8LM)
|
Top of the 3rd over - 0 runs, 0 hits, 0 errors, 0 left on base; Summit 1 - Geneva 0 |
BOTTOM OF THE 3RD |
Geneva Red Legs batting - Pitching for Summit Red Dragons : RHP Alfredo Martinez
|
Batting: RHB Raymond Bresnahan
|
0-0: Foul Ball, location: 2F 0-1: Ball 1-1: Ball 2-1: Ball 3-1: Base on Balls
|
Batting: RHB Jose Bernhardt
|
0-0: Ball 1-0: Called Strike 1-1: Foul Ball, location: 2F 1-2: Foul Ball, location: 2F 1-2: Ball 2-2: SINGLE (Groundball, 6MD) Raymond Bresnahan to second Runner from 2nd tries for 3rd, SAFE, throw by CF made to third
|
Batting: RHB Adolfo Feliz
|
0-0: Called Strike 0-1: TRIPLE (Flyball, 78XD) Raymond Bresnahan scores Jose Bernhardt scores
|
Batting: RHB Steve Balboni
|
0-0: 2-RUN HOME RUN (Flyball, 7D), Distance : 364 ft
|
Batting: SHB Kevin Jensen
|
0-0: Ball 1-0: Ball 2-0: Swinging Strike 2-1: Ball 3-1: Foul Ball, location: 2F 3-2: Fly out, F6 (Popup, 15S)
|
Batting: RHB Sean O'Leary
|
0-0: Fly out, F4 (Line Drive, 4)
|
Batting: SHB Richard Reichle
|
0-0: Fly out, F6 (Popup, 6M)
|
Bottom of the 3rd over - 4 runs, 3 hits, 0 errors, 0 left on base; Summit 1 - Geneva 4 |
TOP OF THE 4TH |
Summit Red Dragons batting - Pitching for Geneva Red Legs : RHP Dave Stieb
|
Batting: RHB John Malkin
|
0-0: Ball 1-0: Foul Ball, location: 2F 1-1: Fly out, F8 (Flyball, 8RM)
|
Batting: RHB Edward Petryschuk
|
0-0: Foul Ball, location: 2F 0-1: Fly out, F9 (Flyball, 9D)
|
Batting: LHB Delbert Curtis
|
0-0: Ball 1-0: Ball 2-0: Ground out 4-3 (Groundball, 4)
|
Top of the 4th over - 0 runs, 0 hits, 0 errors, 0 left on base; Summit 1 - Geneva 4 |
BOTTOM OF THE 4TH |
Geneva Red Legs batting - Pitching for Summit Red Dragons : RHP Alfredo Martinez
|
Batting: RHB Allen Leech
|
0-0: Called Strike 0-1: Ball 1-1: Called Strike 1-2: Ball 2-2: Foul Ball, location: 2F 2-2: Strikes out looking
|
Batting: RHB Richard Meltz
|
0-0: Ball 1-0: Ground out 1-3 (Groundball, 34S)
|
Batting: RHB Raymond Bresnahan
|
0-0: Ball 1-0: Foul Ball, location: 2F 1-1: Ground out 4-3 (Groundball, 4)
|
Bottom of the 4th over - 0 runs, 0 hits, 0 errors, 0 left on base; Summit 1 - Geneva 4 |
TOP OF THE 5TH |
Summit Red Dragons batting - Pitching for Geneva Red Legs : RHP Dave Stieb
|
Batting: RHB James Padula
|
0-0: Ball 1-0: Called Strike 1-1: Swinging Strike 1-2: Ball 2-2: Foul Ball, location: 2F 2-2: Ball 3-2: Foul Ball, location: 2F 3-2: Foul Ball, location: 2F 3-2: Foul Ball, location: 2F 3-2: Foul Ball, location: 2F 3-2: Ground out 4-3 (Groundball, 4)
|
Batting: RHB Danny Liggins
|
0-0: Called Strike 0-1: Fly out, F8 (Flyball, 8LM)
|
Batting: RHB Jack Ramirez
|
0-0: Called Strike 0-1: Ball 1-1: Fly out, F8 (Flyball, 8RM)
|
Top of the 5th over - 0 runs, 0 hits, 0 errors, 0 left on base; Summit 1 - Geneva 4 |
BOTTOM OF THE 5TH |
Geneva Red Legs batting - Pitching for Summit Red Dragons : RHP Alfredo Martinez
|
Batting: RHB Jose Bernhardt
|
0-0: Foul Ball, location: 2F 0-1: Ball 1-1: Swinging Strike 1-2: Foul Ball, location: 2F 1-2: Ball 2-2: Ball 3-2: Fly out, F9 (Flyball, 9S)
|
Batting: RHB Adolfo Feliz
|
0-0: Ground out 5-3 (Groundball, 56)
|
Batting: RHB Steve Balboni
|
0-0: Called Strike 0-1: Swinging Strike 0-2: SINGLE (Groundball, 6MD)
|
Batting: SHB Kevin Jensen
|
0-0: Foul Ball, location: 2F 0-1: SINGLE (Line Drive, 89S) Steve Balboni to second Runner from 2nd tries for 3rd, SAFE, throw by CF made to third
|
Batting: RHB Sean O'Leary
|
0-0: Called Strike 0-1: Called Strike 0-2: Strikes out swinging
|
Bottom of the 5th over - 0 runs, 2 hits, 0 errors, 2 left on base; Summit 1 - Geneva 4 |
TOP OF THE 6TH |
Summit Red Dragons batting - Pitching for Geneva Red Legs : RHP Dave Stieb
|
Batting: RHB Erwin Bryant
|
0-0: Ball 1-0: Called Strike 1-1: Foul Ball, location: 2F 1-2: Ground out 4-3 (Groundball, 4)
|
Batting: LHB David Bertulli
|
0-0: DOUBLE (Flyball, 89D)
|
Batting: RHB Pat Rooney
|
0-0: Ground out U3 (Groundball, 34S) David Bertulli to third
|
Batting: RHB John Malkin
|
0-0: Ball 1-0: Ball 2-0: Foul Ball, location: 2F 2-1: Fly out, F9 (Flyball, 9LSF)
|
Top of the 6th over - 0 runs, 1 hit, 0 errors, 1 left on base; Summit 1 - Geneva 4 |
BOTTOM OF THE 6TH |
Geneva Red Legs batting - Pitching for Summit Red Dragons : RHP Alfredo Martinez
|
Batting: SHB Richard Reichle
|
0-0: Ball 1-0: Ball 2-0: Called Strike 2-1: Foul Ball, location: 2F 2-2: Ball 3-2: Foul Ball, location: 2F 3-2: Foul Ball, location: 2F 3-2: Ground out U3 (Groundball, 3)
|
Batting: RHB Allen Leech
|
0-0: Ball 1-0: Called Strike 1-1: Swinging Strike 1-2: Ball 2-2: Foul Ball, location: 2F 2-2: Fly out, F8 (Flyball, 8RXD)
|
Batting: RHB Richard Meltz
|
0-0: Foul Ball, location: 2F 0-1: Called Strike 0-2: Ball 1-2: Foul Ball, location: 2F 1-2: Ground out 4-3 (Groundball, 4M)
|
Bottom of the 6th over - 0 runs, 0 hits, 0 errors, 0 left on base; Summit 1 - Geneva 4 |
TOP OF THE 7TH |
Summit Red Dragons batting - Pitching for Geneva Red Legs : RHP Dave Stieb
|
Batting: RHB Edward Petryschuk
|
0-0: Ball 1-0: Ball 2-0: Called Strike 2-1: SINGLE (Line Drive, 4MD)
|
Batting: LHB Delbert Curtis
|
0-0: Bunted foul 0-1: Bunted foul 0-2: SINGLE (Groundball, 56D) Edward Petryschuk to second
|
Batting: RHB James Padula
|
0-0: Ball 1-0: Ball Wild Pitch! Edward Petryschuk to third Delbert Curtis to second 2-0: Ball 3-0: Called Strike 3-1: DOUBLE (Line Drive, 3D) Edward Petryschuk scores Delbert Curtis scores
|
Pinch Hitting: LHB Steven Morrison
|
0-0: Called Strike 0-1: DOUBLE (Line Drive, 78D) James Padula scores
|
Batting: RHB Jack Ramirez
|
0-0: Intentional Walk
|
Batting: RHB Erwin Bryant
|
0-0: Bunted foul 0-1: Sac Bunt to 3S - play at first, batter OUT! U3 Steven Morrison to third Jack Ramirez to second
|
Batting: LHB David Bertulli
|
0-0: Ball 1-0: Ball 2-0: DOUBLE (Groundball, 3L) Steven Morrison scores Jack Ramirez scores
|
Batting: RHB Pat Rooney
|
0-0: Called Strike 0-1: SINGLE (Line Drive, 6D) David Bertulli to third
|
Batting: RHB John Malkin
|
0-0: Swinging Strike 0-1: Called Strike Balk! David Bertulli scores Pat Rooney to second 0-2: Ball 1-2: Foul Ball, location: 2F 1-2: Strikes out swinging
|
Batting: RHB Edward Petryschuk
|
0-0: Ball 1-0: Ball 2-0: Called Strike 2-1: Foul Ball, location: 2F 2-2: Foul Ball, location: 2F 2-2: Strikes out swinging
|
Top of the 7th over - 6 runs, 6 hits, 0 errors, 1 left on base; Summit 7 - Geneva 4 |
BOTTOM OF THE 7TH |
Geneva Red Legs batting - Pitching for Summit Red Dragons : RHP Alfredo Martinez
|
Now in CF: Jeffrey Hill
|
|
Batting: RHB Raymond Bresnahan
|
0-0: Called Strike 0-1: Foul Ball, location: 2F 0-2: Ball 1-2: Ground out 4-3 (Groundball, 4)
|
Batting: RHB Jose Bernhardt
|
0-0: Foul Ball, location: 2F 0-1: Foul Ball, location: 2F 0-2: Foul Ball, location: 2F 0-2: Ball 1-2: Foul Ball, location: 2F 1-2: Ground out 5-3 (Groundball, 56)
|
Batting: RHB Adolfo Feliz
|
0-0: Ball 1-0: Fly out, F7 (Flyball, 78M)
|
Bottom of the 7th over - 0 runs, 0 hits, 0 errors, 0 left on base; Summit 7 - Geneva 4 |
TOP OF THE 8TH |
Summit Red Dragons batting - Pitching for Geneva Red Legs : RHP Dave Stieb
|
Batting: LHB Delbert Curtis
|
0-0: Ground out 6-3 (Groundball, 6)
|
Batting: RHB James Padula
|
0-0: Called Strike 0-1: Ball 1-1: Ground out U3 (Groundball, 3L)
|
Batting: LHB Jeffrey Hill
|
0-0: Foul Ball, location: 2F 0-1: Swinging Strike 0-2: Ball 1-2: Ball 2-2: Hit by Pitch
|
Batting: RHB Jack Ramirez
|
0-0: Ball Jeffrey Hill steals 2nd base 1-0: Called Strike 1-1: SINGLE (Groundball, 34D) Jeffrey Hill to third Runner from 3rd tries for Home, SAFE, no throw by RF
|
Pitching: RHP John Minarcin
|
|
Batting: RHB Erwin Bryant
|
0-0: Ball 1-0: Ground out 4-3 (Groundball, 4)
|
Top of the 8th over - 1 run, 1 hit, 0 errors, 1 left on base; Summit 8 - Geneva 4 |
BOTTOM OF THE 8TH |
Geneva Red Legs batting - Pitching for Summit Red Dragons : RHP Alfredo Martinez
|
Batting: RHB Steve Balboni
|
0-0: Called Strike 0-1: Ball 1-1: Ball 2-1: Ball 3-1: Called Strike 3-2: Reached on error, E5 (Groundball, 56S)
|
Pitching: RHP Victor Agosto
|
|
Batting: SHB Kevin Jensen
|
0-0: Ball 1-0: Ball 2-0: Ball 3-0: Base on Balls
|
Batting: RHB Sean O'Leary
|
0-0: Ball 1-0: Fly out, F8 (Flyball, 8RXD) Runner from 2nd tags up, SAFE at 3rd, no throw by CF
|
Batting: SHB Richard Reichle
|
0-0: Called Strike 0-1: Foul Ball, location: 2F 0-2: Foul Ball, location: 2F 0-2: Strikes out swinging
|
Batting: RHB Allen Leech
|
0-0: Ball 1-0: Ball 2-0: Ball 3-0: Called Strike 3-1: Called Strike 3-2: Base on Balls Kevin Jensen to second
|
Batting: RHB Richard Meltz
|
0-0: Ground out 4-3 (Groundball, 4S)
|
Bottom of the 8th over - 0 runs, 0 hits, 1 error, 3 left on base; Summit 8 - Geneva 4 |
TOP OF THE 9TH |
Summit Red Dragons batting - Pitching for Geneva Red Legs : RHP John Minarcin
|
Batting: LHB David Bertulli
|
0-0: Ball 1-0: Called Strike 1-1: Ball 2-1: SOLO HOME RUN (Flyball, 7D), Distance : 360 ft
|
Batting: RHB Pat Rooney
|
0-0: Ball 1-0: Ball 2-0: Ground out 1-3 (Groundball, 13S)
|
Batting: RHB John Malkin
|
0-0: Ball 1-0: Fly out, F8 (Flyball, 8LM)
|
Batting: RHB Edward Petryschuk
|
0-0: Ball 1-0: Ball 2-0: Ball 3-0: Base on Balls
|
Batting: LHB Delbert Curtis
|
0-0: Ball 1-0: Ball 2-0: Ball 3-0: Called Strike 3-1: Ground out 4-3 (Groundball, 4)
|
Top of the 9th over - 1 run, 1 hit, 0 errors, 1 left on base; Summit 9 - Geneva 4 |
BOTTOM OF THE 9TH |
Geneva Red Legs batting - Pitching for Summit Red Dragons : RHP Victor Agosto
|
Now at 1B: Roy Dixon
|
|
Batting: RHB Raymond Bresnahan
|
0-0: Foul Ball, location: 2F 0-1: Foul Ball, location: 2F 0-2: Foul Ball, location: 2F 0-2: Ball 1-2: Ground out 5-3 (Groundball, 56S)
|
Batting: RHB Jose Bernhardt
|
0-0: Called Strike 0-1: Called Strike 0-2: Ground out 6-3 (Groundball, 6)
|
Batting: RHB Adolfo Feliz
|
0-0: Fly out, F8 (Flyball, 89S)
|
Bottom of the 9th over - 0 runs, 0 hits, 0 errors, 0 left on base; Summit 9 - Geneva 4 |
|